Map: Daybreak LE (Void)

Players

Stephano - Winner!

  • Race: Zerg Zerg
  • Spawn Location: 1:00

Erik

  • Race: Zerg Zerg
  • Spawn Location: 7:00

Event: WESG 2016 Finals

VOD

Have the link to the VOD?

Description

Time

  • Played on: Jan. 12, 2017, 5:56 a.m.
  • Length: 8:14

All games in this series

Show
View Real Time Build Order
Export as new Build Order

Stephano Zerg - Winner!

Build Orders: Hatch First 

Get SALT Encoding   

  12  0:00  Drone  
  13  0:12  Overlord  
  13  0:17  Drone  
  14  0:30  Drone x2  
  14  0:34  Drone  
  17  0:52  Hatchery  
  17  0:55  Drone  
  17  0:58  Drone  
  18  1:09  Extractor  
  17  1:14  Spawning Pool  
  17  1:16  Drone  
  17  1:20  Drone  
  18  1:30  Drone  
  19  1:41  Overlord  
  19  1:53  Drone  
  20  2:00  Drone  
  20  2:01  Queen  
  21  2:04  Drone, Queen  
  26  2:09  Metabolic Boost  
  26  2:26  Hatchery  
  26  2:28  Drone  
  26  2:30  Drone  
  26  2:34  Zergling x2  
  26  2:36  Zergling x2  
  29  2:43  Queen  
  31  2:46  Drone  
  32  2:52  Baneling Nest  
  32  2:54  Zergling x2  
  32  3:00  Overlord  
  32  3:07  Zergling x4  
  32  3:11  Zergling x4  
  36  3:19  Zergling x6  
  39  3:22  Zergling x2  
  39  3:26  Zergling x4  
  40  3:31  Zergling x2  
  41  3:37  Overlord  
  41  3:45  Zergling x8  
  41  3:46  Baneling  
  41  3:48  Baneling  
  45  3:49  Baneling  
  45  3:59  Zergling x8  
  44  4:03  Zergling x2  
  44  4:08  Overlord  
  45  4:10  Drone  
  45  4:13  Drone  
  47  4:22  Zergling x6  
  50  4:28  Zergling x6  
  48  4:39  Zergling x2  
  48  4:40  Zergling x6  
  51  4:49  Zergling x4  
  51  4:50  Zergling x6  
  55  4:59  Zergling x8  
  51  5:05  Drone x2  
  53  5:07  Drone  
  53  5:08  Drone  
  55  5:17  Zergling x6  
  55  5:18  Zergling x2  
  53  5:30  Zergling x10  
  57  5:41  Zergling x12  
  51  5:58  Drone x5  
  51  6:03  Zergling x8  
  58  6:05  Baneling x4  
  58  6:12  Drone x2  
  58  6:13  Drone  
  60  6:18  Roach Warren  
  53  6:31  Zergling x14  
  53  6:44  Overlord x2  
  53  6:46  Baneling x3  
  53  6:47  Baneling  
  53  6:58  Roach x2  
  53  6:59  Roach x4  
  65  7:03  Roach x3  
  65  7:07  Roach x2  
  73  7:11  Roach x2  
  73  7:15  Roach  
  79  7:16  Roach  
  76  7:27  Roach x4  
  77  7:34  Zergling x8  
  80  7:38  Queen  
  80  7:42  Overlord  
  79  8:00  Drone x3  
Show
View Real Time Build Order
Export as new Build Order

Erik Zerg 

Build Orders: Hatch First 

Get SALT Encoding   

  12  0:00  Drone  
  13  0:12  Overlord  
  13  0:17  Drone  
  14  0:30  Drone  
  14  0:31  Drone  
  14  0:35  Drone  
  17  0:52  Hatchery  
  17  0:55  Drone  
  17  0:58  Drone  
  17  1:00  Extractor  
  17  1:14  Spawning Pool  
  17  1:17  Drone  
  17  1:20  Drone  
  18  1:30  Overlord  
  18  2:01  Zergling x6  
  20  2:02  Metabolic Boost, Queen  
  20  2:06  Queen  
  25  2:10  Drone  
  25  2:13  Drone  
  27  2:16  Drone  
  28  2:23  Drone  
  28  2:28  Drone  
  30  2:42  Hatchery  
  29  2:46  Drone  
  29  2:47  Drone  
  29  2:50  Drone  
  32  2:55  Overlord  
  32  3:02  Drone  
  33  3:06  Zergling x4  
  36  3:12  Zergling x2  
  36  3:13  Zergling x4  
  36  3:18  Zergling x6  
  41  3:27  Zergling x6  
  43  3:35  Roach Warren, Overlord  
  42  3:47  Spine Crawler  
  40  3:50  Zergling x4  
  40  3:52  Zergling x2  
  37  4:03  Zergling x4  
  37  4:04  Zergling x4  
  37  4:05  Drone x3  
  43  4:10  Overlord  
  43  4:25  Roach  
  43  4:26  Roach  
  43  4:27  Roach x3  
  49  4:34  Roach x2  
  49  4:36  Roach  
  53  4:45  Roach  
  50  4:53  Roach  
  50  4:54  Roach x2  
  54  5:07  Roach x3  
  59  5:20  Zergling x2  
  59  5:24  Overlord  
  59  5:27  Overlord  
  49  5:40  Roach x2  
  49  5:41  Roach  
  54  5:48  Zergling x4  
  54  5:49  Zergling x2  
  46  5:50  Zergling x2  
  41  5:59  Zergling x2  
  39  6:10  Zergling x4  
  39  6:30  Zergling x6  
  39  7:00  Zergling x2  
  39  7:01  Zergling x6  
  32  7:34  Zergling x12  
  29  7:55  Zergling x6  
Tags
 
Add a new tag
Caveats
  • Supply blocks, unpowered buildings, or Contaminate may cause inaccurate times.
  • Supply counts are checked every 10 seconds.